 Dungeon Crawl Stone Soup version 0.31-a0-345-g1ebeae05c6 (webtiles) character file.

Game seed: 5294223044217404986

8 Ofeo the Ruffian (level 2, 21/21 HPs)
             Began as a Demonspawn Shapeshifter on July 23, 2023.
             Quit the game on level 1 of the Dungeon.
             The game lasted 00:00:49 (306 turns).

Ofeo the Ruffian (Demonspawn Shapeshifter)           Turns: 306, Time: 00:00:49

Health: 21/21      AC:  2    Str: 15    XL:     2   Next: 0%
Magic:  2/2        EV: 12    Int:  9    God:
Gold:   14         SH:  0    Dex: 13    Spells: 1/1 levels left

rFire   . .          .
                       - Unarmed
rCold   . . .        (no shield)
rNeg    . . .        a - +0 animal skin
rPois   .            (helmet currently unavailable)
rElec   .            (cloak currently unavailable)
rCorr   .            (gloves currently unavailable)
SInv    .            (boots currently unavailable)
Will    .....        (no amulet)
Stlth   +            (no ring)
HPRegen 0.23/turn    (no ring)
MPRegen 0.08/turn

%: no passive effects
@: beast-form
A: beast (slay +1), antennae 1
a: Begin Untransformation


You were on level 1 of the Dungeon.
You were a hulking beast.
You visited 1 branch of the dungeon, and saw 1 of its levels.

You collected 14 gold pieces.

Inventory:

Armour
 a - a +0 animal skin (worn)
 g - a +1 cloak
Talismans
 c - a beast talisman
Scrolls
 e - a scroll of fear {unknown}
 h - a scroll of amnesia {unknown}
Potions
 b - a potion of lignification
 d - a potion of curing {unknown}
 f - a potion of haste {unknown}
 i - a potion of mutation {unknown}
 j - a potion of enlightenment {unknown}
 k - a potion of degeneration {unknown}


   Skills:
 + Level 1.2 Fighting
 + Level 2.0 Dodging
 + Level 2.8 Unarmed Combat
 + Level 2.7 Shapeshifting


You had one spell level left.
You didn't know any spells.
Your spell library was empty.

Dungeon Overview and Level Annotations

Branches:
Dungeon (1/15)

Altars:

Shops:
D:1 =*


Innate Abilities, Weirdness & Mutations

You are a hulking beast.
Your limbs bulge with bestial killing power. (Slay +1)
You have a pair of small antennae on your head.


Message History

No target in view!
You see here a +1 cloak.
g - a +1 cloak
h - a scroll labelled YSCHUE HATO
There is an entrance to Qomataf's Jewellery Shop here.
You can access your shopping list by pressing '$'.
i - a fizzy cyan potion A rat comes into view.
A rat is nearby!
A rat is nearby!
A rat is nearby!
Found a fuming clear potion.
The rat barely misses you.
You hit the rat.
You kill the rat!
No target in view!
No target in view!
No target in view!
No target in view!
No target in view!
No target in view!
No target in view!
A goblin comes into view. It is wielding a +0 club.
The goblin shouts!
A goblin is nearby!
A goblin is nearby!
A goblin is nearby!
The goblin misses you.
You hit the goblin.
You kill the goblin!
You have reached level 2!
Your demonic ancestry asserts itself...
A pair of antennae grows on your head!
Health restored: 21; MP restored: 2
j - a fuming clear potion
k - a puce potion A ball python comes into view.
The ball python hisses angrily.
Unknown command.
Are you sure you want to abandon this character and quit the game? (Confirm with "yes".)

### .. #S
####.###############
+....h......(..†...#
####..∩..#########.##
#####.# #..#
########.##########.##
.................[..†.
########.###########..
#######.# #.#
#.......# #.#
#.########### #.#


You could see a ball python.

Vanquished Creatures
  An endoplasm (D:1)
  A giant cockroach (D:1)
  A hobgoblin (D:1)
  A kobold (D:1)
  2 ball pythons (D:1)
  A goblin (D:1)
  A rat (D:1)
8 creatures vanquished.

Notes
Turn   | Place    | Note
-------+----------+-------------------------------------------
     0 | D:1      | Ofeo the Demonspawn Shapeshifter began the quest for the
                  | Orb.
     0 | D:1      | Reached XP level 1. HP: 15/15 MP: 1/1
    30 | D:1      | Found Oseforaq's General Store.
   239 | D:1      | Found Qomataf's Jewellery Shop.
   280 | D:1      | Gained mutation: You have a pair of small antennae on your
                  | head. [demonic ancestry]
   280 | D:1      | Reached XP level 2. HP: 21/21 MP: 2/2
   306 | D:1      | Quit the game

Illustrated notes

Levels and vault maps discovered:
D:1:      nagdon_arrival_zigzag_paths, layout_basic, serial_shops, shop, shop,
          shop, chequers_serial_rivers_micro_e

Skill      XL: |  1 |
---------------+----+-----
Dodging        | 2 |  2.0
Fighting       | |  1.2
Unarmed Combat | |  2.8
Shapeshifting  | |  2.7

Action                     || total
---------------------------++-------
  Melee: Unarmed           ||    23
 Armour: Animal skin       ||     4
  Dodge: Dodged            ||    11

Table legend: (Time is in decaauts)
 A = Elapsed time spent in this place.
 B = Non-inter-level travel time spent in this place.
 C = Inter-level travel time spent in this place.
 D = Time resting spent in this place.
 E = Time spent auto-exploring this place.
 F = Levels seen in this place.
 G = Mean time per level.
                   A        B        C        D        E       F      G
               +--------+--------+--------+--------+--------+-----+--------+
         Total |    306 |    306 |      0 |      0 |    232 |   1 |  306.0 |
       Dungeon |    306 |    306 |      0 |      0 |    232 |   1 |  306.0 |
               +--------+--------+--------+--------+--------+-----+--------+

Top non-repeatable levels by time:
     D:1: 306 daAuts
